 Dungeon Crawl Stone Soup version 0.28.0-45-g0d030f2227 (webtiles) character file.

Game seed: 14672044868613798830

905 101zpm the Magician (level 8, -4/52 HPs)
             Began as a Djinni Ice Elementalist on Apr 12, 2022.
             Slain by Duvessa
             ... wielding a +0 rapier
              (7 damage)
             ... on level 7 of the Dungeon.
             The game lasted 00:23:09 (6037 turns).

101zpm the Magician (Djinni Ice Elementalist)       Turns: 6037, Time: 00:23:10

Health: -4/52      AC:  5    Str:  7    XL:     8   Next: 29%
Gold:   204        EV: 13    Int: 18    God:
                   SH:  0    Dex: 15

rFire   + + .      SeeInvis .   d - staff of cold
rCold   . . .      Faith    .   (no shield)
rNeg    . . .      Spirit   .   a - +0 robe
rPois   ∞          Reflect  .   (no helmet)
rElec   .          Harm     .   q - +1 cloak
rCorr   .          Rampage  .   g - +0 pair of gloves
Will    .....                   (boots unavailable)
Stlth   ++........              (no amulet)
HPRegen 0.17/turn               (no ring)
MPRegen 0.00/turn               (no ring)

@: flying
A: sickness immunity, fire resistance 2, cold vulnerability 1, float, innate
caster, HP casting, extra vitality 1
a: no special abilities


You were on level 7 of the Dungeon.
You visited 1 branch of the dungeon, and saw 7 of its levels.

You collected 204 gold pieces.

Inventory:

Missiles
 h - 95 stones
 i - 38 arrows
Armour
 a - a +0 robe (worn)
 g - a +0 pair of gloves (worn)
 m - the +1 robe of Utiesa {-Cast rN++ Str+5}
   (You found it on level 3 of the Dungeon)

   Str:       It affects your strength (+5).
   rN:        It greatly protects you from negative energy.
   -Cast:     It prevents spellcasting.
 q - a +1 cloak (worn)
Magical Staves
 d - a staff of cold (weapon)
Wands
 n - a wand of charming (10)
Scrolls
 e - a scroll of silence {unknown}
 f - a scroll of noise {unknown}
 j - 2 scrolls of fear {unknown}
 k - 3 scrolls of identify {unknown}
 l - 3 scrolls of enchant armour {unknown}
 r - a scroll of immolation {unknown}
Potions
 b - 2 potions of degeneration {unknown}
 c - a potion of attraction {unknown}
 o - 4 potions of curing {unknown}
 p - 3 potions of flight {unknown}


   Skills:
 + Level 1.5 Fighting
 + Level 0.2 Staves
 + Level 3.2 Dodging
 + Level 3.1 Stealth
 + Level 6.9 Spellcasting


You had 3 spell levels left.
You knew the following spells:

 Your Spells              Type           Power      Damage    Failure   Level
a - Freeze                Ice            100%       1d11      1%          1
b - Frozen Ramparts       Ice            92%        1d11      1%          3
c - Ozocubu's Armour      Ice            46%        N/A       1%          3
d - Hailstorm             Conj/Ice       46%        3d11      6%          4
e - Magic Dart            Conj           100%       1d8       1%          1
f - Blink                 Tloc           62%        N/A       1%          2
g - Swiftness             Air            31%        N/A       1%          3
Your spell library was empty.

Dungeon Overview and Level Annotations

Branches:
Dungeon (7/15)
 Temple: D:4-7

Altars:
Ashenzari
Trog
Vehumet

Shops:
D:3 *([[*

Annotations:
D:7 Duvessa


Innate Abilities, Weirdness & Mutations

You are immune to sickness and miasma.
You are immune to poison.
Your flesh is very heat resistant. (rF++)
You are vulnerable to cold. (rC-)
You float through the air rather than walking.
You learn spells naturally, not from books.
Your magical power is your life essence.
You have superior vitality. (+4 MHP)


Message History

Confirm with . or Enter, or press ? or * to list all spells.
Aiming: Magic Dart (safe; 1% risk of failure)
Press: ? - help, Shift-Dir - straight line, f - Duvessa
Aim: Duvessa, wielding a +0 rapier and wearing a +0 leather armour (lightly wounded, berserk, 100% to hit)
The magic dart hits Duvessa.
Duvessa is lightly wounded.
The wall freezes Duvessa.
Casting: Magic Dart (safe; 1% risk of failure)
Confirm with . or Enter, or press ? or * to list all spells.
Aiming: Magic Dart (safe; 1% risk of failure)
Press: ? - help, Shift-Dir - straight line, f/p - Duvessa
Aim: Duvessa, wielding a +0 rapier and wearing a +0 leather armour (lightly wounded, berserk, 100% to hit)
The magic dart hits Duvessa.
Duvessa is moderately wounded.
The wall freezes Duvessa!
Duvessa barely misses you.
The wall freezes Duvessa.
Duvessa hits you with a +0 rapier!
* * * LOW HITPOINT WARNING * * *
Casting: Magic Dart (safe; 1% risk of failure)
Confirm with . or Enter, or press ? or * to list all spells.
Your frozen ramparts will break if you move.
Continue?
You blink.
The frozen ramparts melt away as you move.
* * * LOW HITPOINT WARNING * * *
You feel stable enough to blink again.
You hear a shout!
You see here a +0 short sword.
Duvessa rages.
There is an open door here.
Things that are here:
a +0 club; 7 poisoned darts Duvessa hits you with a +0 rapier!
* * * LOW HITPOINT WARNING * * *
Casting: Blink (safe; 1% risk of failure)
Confirm with . or Enter, or press ? or * to list all spells.
You blink.
* * * LOW HITPOINT WARNING * * *
There is a stone staircase leading up here.
You feel stable enough to blink again. Duvessa hits you with a +0 rapier!
You die...

### ### ###
#.#####.###.#
#........@..#
#........e#.#
#######.....#
#.##### #.# #.#
#.# ## #.# ##...
###)#####+#.....


You could see Duvessa (berserk).

Vanquished Creatures
  A wyvern (D:5)
  An ice beast (D:5)
  A phantom (D:5)
  A kobold brigand (D:7)
  A bullfrog (D:6)
  A water moccasin skeleton (D:6)
  Dowan (D:7)
  A bullfrog zombie (D:5)
  2 hounds (D:4)
  A jelly (D:4)
  A centaur skeleton (D:5)
  3 orc wizards
  A hound skeleton (D:4)
  A howler monkey zombie (D:5)
  3 adders
  An adder zombie (D:4)
  A dart slug (D:1)
  9 orcs
  6 ball pythons
  3 bats
  4 endoplasms
  A giant cockroach (D:1)
  5 goblins
  7 hobgoblins
  3 jackals (D:4)
  5 quokkas
  2 frilled lizards (D:1)
  11 kobolds
  5 rats
83 creatures vanquished.

Vanquished Creatures (others)
  7 plants (D:5)
7 creatures vanquished.

Grand Total: 90 creatures vanquished

Notes
Turn   | Place    | Note
-------+----------+-------------------------------------------
     0 | D:1      | 101zpm the Djinni Ice Elementalist began the quest for the
                  | Orb.
     0 | D:1      | Reached XP level 1. HP: 15/15 MP: 0/0
   437 | D:1      | Reached XP level 2. HP: 17/21 MP: 0/0
   723 | D:1      | Found a faded altar of an unknown god.
  1097 | D:1      | Reached XP level 3. HP: 22/25 MP: 0/0
  1097 | D:1      | Learned a level 1 spell: Magic Dart
  1674 | D:2      | Reached skill level 4 in Spellcasting
  1694 | D:2      | You are sucked into a shaft and drop 1 floor!
  1793 | D:3      | Found Wunuy's Weapon Shop.
  1799 | D:3      | Found Venueliut's Antique Armour Boutique.
  1806 | D:3      | Reached XP level 4. HP: 25/31 MP: 0/0
  1900 | D:3      | Found Icwimys's Armour Shoppe.
  1960 | D:3      | Found Vaduajer's Assorted Antiques.
  2020 | D:3      | Identified the +1 robe of Utiesa {-Cast rN++ Str+5}
  2091 | D:3      | Found Cyajiuhi's General Store.
  2271 | D:3      | Found a bloodstained altar of Trog.
  2437 | D:4      | Reached XP level 5. HP: 23/35 MP: 0/0
  2437 | D:4      | Learned a level 2 spell: Blink
  3637 | D:4      | Reached skill level 5 in Spellcasting
  3637 | D:4      | Reached XP level 6. HP: 35/40 MP: 0/0
  4025 | D:5      | Entered Level 5 of the Dungeon
  4032 | D:5      | Found a broken altar of Ashenzari.
  4287 | D:5      | Noticed a wyvern
  4295 | D:5      | Killed a wyvern
  4296 | D:5      | Reached XP level 7. HP: 17/46 MP: 0/0
  4296 | D:5      | Learned a level 3 spell: Swiftness
  4678 | D:5      | Reached skill level 1 in Fighting
  4760 | D:5      | Reached skill level 6 in Spellcasting
  5422 | D:6      | Reached XP level 8. HP: 24/52 MP: 0/0
  5999 | D:7      | Noticed Dowan
  6008 | D:7      | Killed Dowan
  6017 | D:7      | Noticed Duvessa
  6037 | D:7      | Slain by Duvessa

Illustrated notes

Levels and vault maps discovered:
D:1:      erik_arrival_blinker_ship, layout_basic,
          ebering_ecumenical_altar_rust, minmay_small_reverse_x
D:2:      layout_basic, minmay_misc_feat_nine_boxes
D:3:      layout_rooms, gammafunk_temple_overflow_statue, serial_shops,
          nicolae_shop_temple_entry_statues_fountains, nicolae_shop_stone,
          nicolae_shop_behind_doors, shop_fountains, shop, minmay_hedge_maze
D:4:      layout_cave_pools, serial_park, serial_park_square1
          [serial_park_minivault_5x5_1], serial_park_tiny_pond,
          serial_park_gazebo [serial_park_minivault_5x5_2], grunt_tough_drop
D:5:      layout_basic, ashenzari_conservatory_becter,
          nicolae_qazlal_style_of_elements, minmay_temple_entry_slanted,
          serial_shops, nicolae_shop_crystal, serial_bayou_pond_b,
          uniq_prince_ribbit1, uniq_pikel, uniq_sigmund
D:6:      layout_basic, biasface_ghost_orc_armoury, nicolae_water_bricks
D:7:      cheibrodos_barr_body, layout_basic, palyth_stone_intersect,
          uniq_duvessa

Skill      XL: |  1  2  3  4  5  6  7 |
---------------+----------------------+-----
Spellcasting   | 4 5 6 |  6.9
Stealth        | 2 3 |  3.1
Fighting       | 1 |  1.5
Dodging        | 3 |  3.2
Staves         | |  0.2

Action                   |  1- 3 |  4- 6 |  7- 9 || total
-------------------------+-------+-------+-------++-------
Melee: Unarmed           |     1 |       |       ||     1
       Staff             |    24 |       |     2 ||    26
       Punch             |     1 |       |       ||     1
 Cast: Freeze            |    40 |    18 |       ||    58
       Magic Dart        |       |    61 |    75 ||   136
       Frozen Ramparts   |       |     9 |    12 ||    21
       Ozocubu's Armour  |       |       |     1 ||     1
       Swiftness         |       |       |     1 ||     1
       Blink             |       |       |     2 ||     2
Armor: Robe              |     3 |     3 |    11 ||    17
Dodge: Dodged            |    12 |    24 |    15 ||    51
